 Dungeon Crawl Stone Soup version 0.31-a0-870-g10ed682358 (webtiles) character file.

Game seed: 7898198389814959904

48 BinkBink the Chopper (level 3, 0/31 HPs)
             Began as a Minotaur Monk on Oct 12, 2023.
             Killed by divine providence
             ... invoked by an orc priest
              (12 damage)
             ... on level 3 of the Dungeon.
             The game lasted 00:01:09 (1372 turns).

BinkBink the Chopper (Minotaur Monk)                Turns: 1372, Time: 00:01:10

Health: 0/31       AC:  2    Str: 17    XL:     3   Next: 50%
Magic:  2/2        EV: 12    Int:  7    God:
Gold:   66         SH:  0    Dex: 12    Spells: 2/2 levels left

rFire   . . .        a - +0 hand axe
rCold   . . .        d - orb {light}
rNeg    . . .        b - +0 robe
rPois   .            (helmet restricted)
rElec   .            (no cloak)
rCorr   .            (no gloves)
SInv    .            (no boots)
Will    .....        (no amulet)
Stlth   +            (no ring)
HPRegen 0.25/turn    (no ring)
MPRegen 0.08/turn

%: no passive effects
@: glowing
A: horns 2, retaliatory headbutt
a: no special abilities


You were on level 3 of the Dungeon.
You visited 1 branch of the dungeon, and saw 3 of its levels.

You collected 66 gold pieces.

Inventory:

Hand Weapons
 a - a +0 hand axe (weapon)
Armour
 b - a +0 robe (worn)
 d - an orb of light (worn)
Jewellery
 g - a ring of wizardry
Wands
 h - a wand of digging (3)
Scrolls
 i - 2 scrolls of teleportation {unknown}
Potions
 c - a potion of ambrosia
 e - a potion of brilliance {unknown}
 f - a potion of degeneration {unknown}
 j - a potion of lignification {unknown}


   Skills:
 - Level 3.6 Fighting
 + Level 5.5 Axes
 - Level 3.2 Dodging


You had 2 spell levels left.
You didn't know any spells.
Your spell library was empty.

Dungeon Overview and Level Annotations

Branches:
Dungeon (3/15)

Altars:


Innate Abilities, Weirdness & Mutations

You have a pair of horns on your head.
You reflexively headbutt those who attack you in melee.


Message History

Found a stone staircase leading up.
i - 2 scrolls labelled CYTHEN UQIA (gained 1)
An orc wizard and an orc priest come into view.
Found an escape hatch in the ceiling.
The orc wizard shouts!
The orc priest shouts!
You hear a shout!
The orc wizard moves out of view.
The orc priest moves out of view.
You hear a shout!
An orc comes into view. It is wielding a +0 mace.
An orc is nearby!
You hit the orc priest.
The orc priest is lightly wounded.
The orc priest barely misses you.
An orc comes into view. It is wielding a +0 flail.
You barely miss the orc priest.
You headbutt the orc priest, but do no damage.
The orc priest is lightly wounded.
The orc priest barely misses you.
You hit the orc priest.
The orc priest is lightly wounded.
The orc priest hits you with a +0 flail!
You hit the orc priest. Your headbutt misses the orc priest.
The orc priest is heavily wounded.
The orc priest hits you but does no damage.
You barely miss the orc priest. You headbutt the orc priest.
The orc priest is heavily wounded.
The orc priest hits you with a +0 flail.
You hit the orc priest.
The orc priest is heavily wounded.
The orc priest hits you with a +0 flail!
You are too injured to fight recklessly!
You hit the orc priest. Your headbutt misses the orc priest.
The orc priest is severely wounded.
The orc priest casts a cantrip, but nothing happens.
You hit the orc priest but do no damage.
The orc priest is severely wounded.
You hit the orc but do no damage. You headbutt the orc.
The orc is severely wounded.
The orc priest mumbles some strange prayers to Beogh against you.
Beogh smites you!
You die...

.###### ..#
#.##########
............
####.#######
#[.....##########
######...........
####..#######.#
#..#$@ooo<.#
#..#.##o.#.#
#..#.# ##
###..#.# #......#
##.#.### #.#...
#.#.### #.#<.


You could see an orc priest, an orc wizard and 2 orcs.

Vanquished Creatures
  An adder (D:2)
  A dart slug (D:2)
  2 endoplasms
  3 giant cockroaches
  2 goblins (D:1)
  5 hobgoblins
  2 jackals (D:1)
  5 quokkas
  A ball python (D:2)
  3 bats
  2 frilled lizards
  2 kobolds
  6 rats
35 creatures vanquished.

Notes
Turn   | Place    | Note
-------+----------+-------------------------------------------
     0 | D:1      | BinkBink the Minotaur Monk began the quest for the Orb.
     0 | D:1      | Reached XP level 1. HP: 19/19 MP: 0/0
    32 | D:1      | Reached skill level 4 in Axes
   116 | D:1      | Reached XP level 2. HP: 26/26 MP: 1/1
   756 | D:2      | Reached skill level 5 in Axes
   756 | D:2      | Reached XP level 3. HP: 29/31 MP: 2/2
  1372 | D:3      | Killed from afar by an orc priest

Illustrated notes

Levels and vault maps discovered:
D:1:      dpeg_arrival_windows_large_door, layout_loops_cross
D:2:      layout_loops_ring
D:3:      layout_basic, minivault_24

Skill      XL: |  1  2 |
---------------+-------+-----
Axes           | 4 5 |  5.5
Fighting       | |  3.6
Dodging        | |  3.2

Action                     || total
---------------------------++-------
  Melee: Hand axe          ||    73
         Headbutt          ||    14
 Armour: Robe              ||    35
  Dodge: Dodged            ||    46

Table legend: (Time is in decaauts)
 A = Elapsed time spent in this place.
 B = Non-inter-level travel time spent in this place.
 C = Inter-level travel time spent in this place.
 D = Time resting spent in this place.
 E = Time spent auto-exploring this place.
 F = Levels seen in this place.
 G = Mean time per level.
                   A        B        C        D        E       F      G
               +--------+--------+--------+--------+--------+-----+--------+
         Total |   1376 |   1347 |     29 |      0 |   1151 |   3 |  458.7 |
       Dungeon |   1376 |   1347 |     29 |      0 |   1151 |   3 |  458.7 |
               +--------+--------+--------+--------+--------+-----+--------+

Top non-repeatable levels by time:
     D:1: 667 daAuts
     D:2: 601 daAuts
     D:3: 107 daAuts
